Map: Terraform LE (Void)

Players

wabbajack - Winner!

  • Race: Zerg Zerg
  • League: Bronze

Aypee

  • Race: Protoss Protoss
  • League: Silver

VOD

Have the link to the VOD?

Description

Time

  • Played on: July 16, 2015, 4:20 p.m.
  • Length: 6:48
Show
View Real Time Build Order
Export as new Build Order

wabbajack Zerg - Winner!

Build Orders: Hatch First 

Get SALT Encoding   

  12  0:02  Drone  
  13  0:18  Overlord  
  13  0:21  Drone  
  14  0:24  Extractor  
  14  0:25  Drone  
  15  0:39  Drone  
  16  0:47  Drone  
  17  0:56  Hatchery  
  16  1:00  Drone  
  16  1:03  Extractor  
  16  1:07  Drone  
  17  1:18  Spawning Pool  
  17  1:21  Drone  
  17  1:42  Drone x2  
  17  1:45  Overlord  
  19  1:56  Drone  
  20  2:05  Queen  
  20  2:08  Metabolic Boost  
  22  2:09  Queen  
  24  2:17  Drone x2  
  24  2:20  Drone  
  24  2:22  Drone  
  28  2:34  Roach Warren  
  28  2:35  Extractor  
  26  2:38  Drone x2  
  26  2:43  Drone  
  29  2:45  Drone  
  30  2:52  Overlord  
  30  2:55  Overlord  
  30  3:13  Drone x2  
  32  3:22  Drone  
  32  3:24  Drone  
  32  3:27  Roach x3  
  38  3:30  Roach x2  
  38  3:31  Roach x2  
  38  3:33  Roach  
  50  3:39  Roach  
  50  3:41  Overlord  
  52  3:48  Pneumatized Carapace  
  52  4:03  Overlord  
  52  4:05  Zergling x4  
  52  4:06  Zergling x4  
  52  4:07  Zergling x6  
  52  4:08  Zergling x2  
  60  4:25  Overlord  
  60  4:26  Zergling x2  
  60  4:27  Zergling x10  
  42  5:22  Spore Crawler  
  42  5:25  Spine Crawler  
  42  5:26  Spine Crawler  
  42  5:28  Lair, Spine Crawler  
  36  5:30  Spore Crawler  
  36  5:33  Spine Crawler  
  34  5:36  Spine Crawler  
  29  5:43  Drone  
  29  5:44  Spore Crawler, Drone x5  
  29  5:45  Drone x2  
  29  5:47  Roach  
  29  5:48  Roach x5  
  41  6:04  Queen  
Show
View Real Time Build Order
Export as new Build Order

Aypee Protoss 

Build Orders: Dark Templar Rush 

Get SALT Encoding   

  12  0:01  Probe  
  13  0:15  Pylon  
  13  0:18  Probe  
  14  0:34  Gateway  
  14  0:36  Probe (Chrono Boost)  
  15  0:45  Probe (Chrono Boost)  
  15  0:48  Assimilator  
  16  0:53  Probe  
  17  1:05  Probe  
  17  1:06  Gateway  
  18  1:18  Probe  
  19  1:26  Cybernetics Core  
  19  1:30  Probe  
  20  1:35  Pylon  
  20  1:42  Probe  
  20  1:43  Assimilator  
  21  1:53  Pylon  
  21  1:58  Probe  
  22  2:03  Warp Gate (Chrono Boost)  
  22  2:06  Adept  
  24  2:10  Probe, Adept  
  27  2:29  Twilight Council  
  27  2:44  Gateway  
  27  2:47  Gateway  
  27  2:56  Pylon  
  27  3:17  Dark Shrine  
  27  3:43  Shield Upgrade (Chrono Boost)  
  27  3:46  Adept x4  
  31  4:16  Stalker x2  
  35  4:17  Stalker x2  
  39  4:40  Dark Templar  
  39  4:44  Zealot x2  
  41  5:04  Dark Templar  
  34  5:12  Probe (Chrono Boost)  
  18  5:17  Adept x2  
  22  5:22  Probe (Chrono Boost)  
  22  5:30  Probe (Chrono Boost)  
  23  5:37  Probe (Chrono Boost)  
  24  5:47  Probe  
  25  6:00  Probe  
  25  6:03  Adept  
  20  6:25  Probe (Chrono Boost)  
  13  6:35  Probe (Chrono Boost)  
Tags
 
Add a new tag
Caveats
  • Supply blocks, unpowered buildings, or Contaminate may cause inaccurate times.
  • Supply counts are checked every 10 seconds.